 Dungeon Crawl Stone Soup version 0.29-a0-757-g358383bc75 (webtiles) character file.

Game seed: 15682100620826867348

35 coolguy69 the Cutter (level 3, -4/20 HPs)
             Began as a Vine Stalker Monk on July 1, 2022.
             Slain by a goblin
             ... wielding a +0 club
             ... led by Robin
              (5 damage)
             ... on level 2 of the Dungeon.
             The game lasted 00:00:59 (1702 turns).

coolguy69 the Cutter (Vine Stalker Monk)            Turns: 1702, Time: 00:01:00

Health: -4/20      AC:  2    Str: 13    XL:     3   Next: 33%
Magic:  0/4        EV: 13    Int: 10    God:
Gold:   48         SH:  0    Dex: 18    Spells: 2/2 levels left

rFire   . . .      SeeInvis .   a - +0 short sword
rCold   . . .      Faith    .   (no shield)
rNeg    . . .      Spirit   +   b - +0 robe
rPois   .          Reflect  .   (no helmet)
rElec   .          Harm     .   (no cloak)
rCorr   .          Rampage  .   (no gloves)
Will    .....                   (no boots)
Stlth   ++........              (no amulet)
HPRegen 0.06/turn               (no ring)
MPRegen 0.09/turn               (no ring)

@: lethally poisoned (-4 -> -6)
A: fangs 2, magic shield, antimagic bite, no potion heal 2
a: no special abilities


You were on level 2 of the Dungeon.
You visited 1 branch of the dungeon, and saw 2 of its levels.

You collected 48 gold pieces.

Inventory:

Hand Weapons
 a - a +0 short sword (weapon)
Armour
 b - a +0 robe (worn)
Scrolls
 d - a scroll of teleportation {unknown}
 f - 6 scrolls of identify {unknown}
 j - a scroll of summoning {unknown}
Potions
 c - a potion of ambrosia
 e - a potion of berserk rage {unknown}
 g - a potion of heal wounds
 h - 2 potions of attraction {unknown}
 i - 2 potions of magic {unknown}


   Skills:
 + Level 3.1 Fighting
 + Level 3.1 Short Blades
 + Level 2.7 Dodging
 + Level 2.8 Stealth


You had 2 spell levels left.
You didn't know any spells.
Your spell library was empty.

Dungeon Overview and Level Annotations

Branches:
Dungeon (2/15)

Altars:

Shops:
D:1 (

Annotations:
D:2 Robin


Innate Abilities, Weirdness & Mutations

You have extremely sharp teeth.
When hurt, damage is shared between your health and your magic reserves.
Your bite disrupts and absorbs the magic of your enemies.
Potions cannot restore your health.


Message History

You bite the goblin. You drain its power.
You feel invigorated.
The goblin is heavily wounded.
The adder hisses angrily.
You hit the goblin.
You kill the goblin!
A goblin comes into view. It is wielding a +0 club.
The goblin closely misses you. Robin throws the goblin at you!
The goblin attacks as you move away! The goblin hits you but does no damage.
The adder bites you. Robin throws the goblin at you!
The goblin attacks as you move away! The goblin barely misses you.
The adder bites you.
You are poisoned.
The adder poisons you! The goblin barely misses you.
Robin throws the goblin at you! The goblin hits you but does no damage.
You open the door.
You feel sick. The adder misses you.
The goblin hits you with a +0 club. x2; The goblin hits you with a +0 dagger.
Robin throws the goblin at you!
* * * LOW HITPOINT WARNING * * *
The goblin closely misses you.
The goblin shouts!
You hit the goblin.
You kill the goblin!
* * * LOW HITPOINT WARNING * * *
You feel sick. The adder closely misses you.
The goblin hits you with a +0 club.
* * * LOW HITPOINT WARNING * * *
The goblin closely misses you. The goblin hits you but does no damage.
The goblin misses you. The adder completely misses you.
The goblin attacks as you move away! The goblin barely misses you.
* * * LOW HITPOINT WARNING * * *
You feel sick. The goblin hits you but does no damage.
Robin roars a battlecry!
The goblins go into a battle-frenzy!
There is an open door here.
You see here a +0 club.
It was a potion of heal wounds.
That seemed strangely inert.
* * * LOW HITPOINT WARNING * * *
You feel sick. The adder closely misses you.
The goblin hits you with a +0 club.
You die...

#.########
#........#
#####....#
#....# #....#
##....####
#ggg.....#
#.#####gg......#
#.....@gggg....#
#######Sg......#
............
........g$...
#.........g...
#....######...
#....# .g. .#


You could see Robin, an adder and 11 goblins.

Vanquished Creatures
  An adder (D:2)
  A dart slug (D:1)
  A bat (D:1)
  2 endoplasms (D:1)
  2 giant cockroaches
  4 hobgoblins (D:1)
  2 ball pythons
  5 goblins
  A kobold (D:1)
  3 rats (D:2)
22 creatures vanquished.

Notes
Turn   | Place    | Note
-------+----------+-------------------------------------------
     0 | D:1      | coolguy69 the Vine Stalker Monk began the quest for the
                  | Orb.
     0 | D:1      | Reached XP level 1. HP: 11/11 MP: 2/2
   486 | D:1      | Found Cabomuf's Antique Weapon Shop.
   493 | D:1      | Reached XP level 2. HP: 12/16 MP: 1/3
  1097 | D:1      | Found a faded altar of an unknown god.
  1468 | D:2      | Reached XP level 3. HP: 13/20 MP: 4/4
  1693 | D:2      | Noticed Robin
  1702 | D:2      | HP: 1/20 [poisoned by an adder]
  1702 | D:2      | Slain by a goblin

Illustrated notes

Levels and vault maps discovered:
D:1:      matt_arrival_refuge, layout_basic, serial_shops, nicolae_shop_crystal,
          hellmonk_ecumenical_altar_run_dry
D:2:      layout_basic, minivault_25, minmay_misc_feat_four_crosses,
          uniq_crazy_yiuf_cottage, uniq_robin, uniq_sigmund

Skill      XL: |  1  2 |
---------------+-------+-----
Fighting       | 3 |  3.1
Short Blades   | 3 |  3.1
Dodging        | |  2.7
Stealth        | |  2.8

Action                   || total
-------------------------++-------
Melee: Short sword       ||    64
       Bite              ||     9
  Use: Potion            ||     1
 Stab: Sleeping          ||     4
Armor: Robe              ||    14
Dodge: Dodged            ||    42

Table legend: (Time is in decaauts)
 A = Elapsed time spent in this place.
 B = Non-inter-level travel time spent in this place.
 C = Inter-level travel time spent in this place.
 D = Time resting spent in this place.
 E = Time spent auto-exploring this place.
 F = Levels seen in this place.
 G = Mean time per level.
                   A        B        C        D        E       F      G
               +--------+--------+--------+--------+--------+-----+--------+
         Total |   1699 |   1665 |     34 |    325 |   1176 |   2 |  849.5 |
       Dungeon |   1699 |   1665 |     34 |    325 |   1176 |   2 |  849.5 |
               +--------+--------+--------+--------+--------+-----+--------+

Top non-repeatable levels by time:
     D:1: 1351 daAuts
     D:2: 347 daAuts
